 Dungeon Crawl Stone Soup version 0.21-a0-437-ge5bf024 (webtiles) character file.

144 sober the Firebug (level 5, -11/28 HPs)
             Began as a Deep Elf Fire Elementalist on Nov 9, 2017.
             Mangled by an iguana (12 damage)
             ... on level 3 of the Dungeon.
             The game lasted 00:21:54 (3451 turns).

sober the Firebug (Deep Elf Fire Elementalist)      Turns: 3451, Time: 00:21:54

Health: -11/28     AC:  4    Str:  6    XL:     5   Next: 5%
Magic:  5/12       EV: 12    Int: 20    God:
Gold:   224        SH:  0    Dex: 15    Spells: 5/11 levels left

rFire    . . .     SeeInvis .   o - +0 hunting sling
rCold    . . .     Gourm    .   (no shield)
rNeg     . . .     Faith    .   u - +0 leather armour
rPois    .         Spirit   .   (no helmet)
rElec    .         Reflect  .   d - scarf {cloud immunity}
rCorr    .         Harm     .   (no gloves)
MR       .....                  l - +0 pair of boots
Stlth    ++........             (no amulet)
HPRegen  0.09/turn              (no ring)
MPRegen  0.13/turn              (no ring)

@: very slightly contaminated
A: no striking features
a: no special abilities


You were on level 3 of the Dungeon.
You were not hungry.

You visited 1 branch of the dungeon, and saw 4 of its levels.

You collected 224 gold pieces.

Inventory:

Hand Weapons
 j - a +0 whip of electrocution
 o - a +0 hunting sling (weapon)
 r - a +2 dagger of venom
Missiles
 f - 91 arrows
 v - 79 stones (quivered)
Armour
 d - a scarf of cloud immunity (worn)
 l - a +0 pair of boots (worn)
 u - a +0 leather armour (worn)
Scrolls
 a - a scroll of blinking {unknown}
 g - a scroll of enchant armour {unknown}
 h - a scroll of teleportation
 k - 2 scrolls of amnesia
 n - 2 scrolls of remove curse
 t - a scroll of magic mapping {unknown}
 w - a scroll of fog {unknown}
 x - a scroll of recharging {unknown}
Potions
 e - a potion of flight
 m - 2 potions of heal wounds
 p - a potion of invisibility {unknown}
 q - 2 potions of curing
 s - a potion of might {unknown}
Books
 b - a book of Flames

   Spells                             Type                      Level
   a - Flame Tongue                   Conjuration/Fire             1
   b - Throw Flame                    Conjuration/Fire             2
   c - Conjure Flame                  Conjuration/Fire             3
   d - Inner Flame                    Hexes/Fire                   3
   e - Sticky Flame                   Conjuration/Fire             4
   f - Fireball                       Conjuration/Fire             5
Comestibles
 c - 6 bread rations
 i - 3 chunks of flesh


   Skills:
 + Level 1.3 Armour
 - Level 2.4 Dodging
 - Level 2.4 Stealth
 + Level 3.5 Spellcasting
 - Level 1.1 Conjurations
 * Level 5.7 Fire Magic


You had 5 spell levels left.
You knew the following spells:

 Your Spells              Type           Power        Failure   Level  Hunger
a - Flame Tongue          Conj/Fire      ###..        5%          1    None
b - Throw Flame           Conj/Fire      ###...       8%          2    ##.....
c - Conjure Flame         Conj/Fire      ###.....     16%         3    ###....


Dungeon Overview and Level Annotations

Branches:
Dungeon (4/15)
 Temple: D:4-7

Altars:
Okawaru
Trog


Message History

Aiming: Throw Flame
Press: ? - help, Shift-Dir - straight line, f/p - iguana
Aim: an iguana (severely wounded)
The puff of flame hits the iguana.
The iguana is almost dead.
The iguana bites you.
Casting: Throw Flame
Confirm with . or Enter, or press ? or * to list all spells.
Aiming: Flame Tongue
Press: ? - help, Shift-Dir - straight line, f/p - iguana
Aim: an iguana (almost dead)
The flame tongue misses the iguana.
The iguana bites you!
* * * LOW HITPOINT WARNING * * *
Casting: Flame Tongue
Confirm with . or Enter, or press ? or * to list all spells.
Aiming: Throw Flame
Press: ? - help, Shift-Dir - straight line, f/p - iguana
Aim: an iguana (almost dead)
The puff of flame misses the iguana.
The iguana bites you!
You die...

##............#.........
#.........)....#.......#
#..............#........
#......[.......###..#...
#..............###..#...
#................)......
##............##.[#..#.#
##...l..........)...#.#
#####@.######.........
##.######.........
#....##..........
#....##.........#
#....#.......)..#
#......#........#
#.....##.........
#.....##.........
#.###.##.........


You could see an iguana.

Vanquished Creatures
  An orc priest (D:3)
  2 adders
  2 worms (D:2)
  2 dart slugs
  A leopard gecko (D:2)
  8 orcs
  A ball python (D:1)
  9 giant cockroaches
  6 hobgoblins
  3 jackals (D:3)
  6 kobolds
  2 quokkas
  8 bats
  4 frilled lizards
  9 goblins
  9 rats
73 creatures vanquished.

Notes
Turn   | Place    | Note
-------+----------+-------------------------------------------
     0 | D:1      | sober the Deep Elf Fire Elementalist began the quest for the Orb.
     0 | D:1      | Reached XP level 1. HP: 10/10 MP: 6/6
   196 | D:1      | Reached XP level 2. HP: 15/15 MP: 6/8
   255 | D:1      | Reached skill level 4 in Fire Magic
   860 | D:2      | Reached XP level 3. HP: 19/19 MP: 7/9
   928 | D:2      | Learned a level 2 spell: Throw Flame
   932 | D:2      | Learned a level 3 spell: Conjure Flame
  1180 | D:2      | Reached skill level 5 in Fire Magic
  1365 | D:3      | Reached XP level 4. HP: 16/24 MP: 1/10
  2073 | D:2      | Found a bloodstained altar of Trog.
  2295 | D:3      | Reached skill level 1 in Armour
  3067 | D:3      | Reached XP level 5. HP: 28/28 MP: 9/12
  3170 | D:3      | Found an iron altar of Okawaru.
  3450 | D:3      | HP: 1/28 [iguana (10)]
  3451 | D:3      | Mangled by an iguana

Vault maps used:
D:1:      lightli_arrival_statuegarden
D:2:      mumra_celtic_spiral_tile, lemuel_coloured_pillars_altar,
          minmay_hexomino_f4
D:3:      lemuel_doored_altar, first_bread
D:4:      lemuel_crystal_altar, fedhas_altar_1, temple_pool_b

Skill      XL: |  1  2  3  4 |
---------------+-------------+-----
Fire Magic     | 4 5 |  5.7
Armour         | 1 |  1.3
Dodging        | |  2.4
Stealth        | |  2.4
Spellcasting   | |  3.5
Conjurations   | |  1.1

Action                   |  1- 3 |  4- 6 || total
-------------------------+-------+-------++-------
Melee: Unarmed           |     1 |       ||     1
       Whip              |    38 |    20 ||    58
 Fire: Hunting sling     |       |    14 ||    14
 Cast: Flame Tongue      |    39 |    38 ||    77
       Throw Flame       |     8 |    28 ||    36
  Use: Potion            |     1 |     2 ||     3
       Scroll            |       |     3 ||     3
 Stab: Sleeping          |     4 |     1 ||     5
  Eat: Chunk             |     2 |     7 ||     9
Armor: Robe              |    10 |     3 ||    13
       Leather armour    |       |    14 ||    14
Dodge: Dodged            |    36 |    39 ||    75

Table legend:
 A = Spawn XP
 B = Non-spawn XP
 C = Spawn XP percentage of total XP
 D = Spawn monster count
 E = Non-spawn monster count
 F = Spawn count percentage of total count
 G = Total turns spent on level
                    A         B        C        D         E        F      G
               +---------+---------+-------+---------+---------+-------+---------
         Total |       0 |     206 |   0.0 |       0 |      73 |   0.0 |  3451
               +---------+---------+-------+---------+---------+-------+---------
           D:1 |       0 |      34 |   0.0 |       0 |      19 |   0.0 |   735
           D:2 |       0 |      71 |   0.0 |       0 |      29 |   0.0 |  1959
           D:3 |       0 |     101 |   0.0 |       0 |      25 |   0.0 |   740
               +---------+---------+-------+---------+---------+-------+---------
